 Dungeon Crawl Stone Soup version 0.20.0-8-g6b59dc7 (webtiles) character file.

120 Gorglomux the Firebug (level 4, 0/33 HPs)
             Began as a Centaur Fire Elementalist on May 30, 2017.
             Succumbed to a gnoll's poison
             ... on level 2 of the Dungeon.
             The game lasted 00:02:43 (2687 turns).

Gorglomux the Firebug (Centaur Fire Elementalist)   Turns: 2687, Time: 00:02:43

Health: 0/33       AC:  4    Str: 11    XL:     4   Next: 75%
Magic:  5/7        EV:  9    Int: 14    God:
Gold:   70         SH:  0    Dex: 10    Spells: 2/8 levels left

rFire    . . .     SeeInvis .   e - +0 dagger
rCold    . . .     Gourm    .   (no shield)
rNeg     . . .     Faith    .   a - +0 robe
rPois    .         Spirit   .   (no helmet)
rElec    .         Reflect  .   (no cloak)
rCorr    .         Harm     .   (no gloves)
MR       .....                  (no barding)
Stlth    +.........             (no amulet)
Regen    0.2/turn               (no ring)
MPRegen  0.1/turn               (no ring)

@: lethally poisoned (0 -> -17), very slightly contaminated, very quick
A: hooves 3, deformed body, speed 2, tough skin 3
a: no special abilities


You were on level 2 of the Dungeon.
You were not hungry.

You visited 1 branch of the dungeon, and saw 2 of its levels.

You collected 70 gold pieces.

Inventory:

Hand Weapons
 e - a +0 dagger (weapon)
Missiles
 i - 52 arrows
Armour
 a - a +0 robe (worn)
Jewellery
 l - a +2 amulet of reflection {unknown}
Scrolls
 f - a scroll of immolation {unknown}
 j - a scroll of teleportation {unknown}
 k - a scroll of remove curse {unknown}
 n - a scroll of enchant weapon {unknown}
 o - 2 scrolls of identify {unknown}
 p - 4 scrolls of recharging {unknown}
Books
 b - a book of Flames

   Spells                             Type                      Level
   a - Flame Tongue                   Conjuration/Fire             1
   b - Throw Flame                    Conjuration/Fire             2
   c - Conjure Flame                  Conjuration/Fire             3
   d - Inner Flame                    Hexes/Fire                   3
   e - Sticky Flame                   Conjuration/Fire             4
   f - Fireball                       Conjuration/Fire             5
Comestibles
 c - 2 bread rations


   Skills:
 - Level 1.3 Dodging
 - Level 1.1 Stealth
 + Level 2.6 Spellcasting
 + Level 2.5 Conjurations
 + Level 3.4 Fire Magic


You had 2 spell levels left.
You knew the following spells:

 Your Spells              Type           Power        Failure   Level  Hunger
a - Flame Tongue          Conj/Fire      ##...        7%          1    #......
b - Throw Flame           Conj/Fire      ##....       10%         2    ###....
j - Conjure Flame         Conj/Fire      ##......     21%         3    ###....


Dungeon Overview and Level Annotations

Branches:
Dungeon (2/15)

Altars:
Gozag


Innate Abilities, Weirdness & Mutations

You have hooves in place of feet.
Armour fits poorly on your strangely shaped body.
You cover ground very quickly.
You have extremely tough skin. (AC +3)


Message History

You feel sick.
* * * LOW HITPOINT WARNING * * *
You feel sick.
* * * LOW HITPOINT WARNING * * *
You feel sick.
It was a potion of magic.
Magic courses through your body.
* * * LOW HITPOINT WARNING * * *
You feel sick.
* * * LOW HITPOINT WARNING * * *
You feel sick.
Sorry, you're not good enough to have a special ability.
Casting: Flame Tongue
Confirm with . or Enter, or press ? or * to list all spells.
Aiming: Throw Flame
Press: ? - help, Shift-Dir - straight line, f/p - gnoll
Aim: a gnoll, wielding a halberd of venom (heavily wounded)
You miscast Throw Flame.
You are very lightly contaminated with residual magic.
You feel a strange surge of energy!
You die...

......# .........#.#..##..#
.....####.........#<#..##..####
..............[...............#
.(.................g..g########
##...........#..........#
.............#.#..####.##
##...........# #..# #.#
....##.###...# #..# #.#
##..##.# #...# #@.# #.#
....##.###...###.># #.#
##.##............## #.#
#..........#'###.# #.#
#................# #.#
.....#####.......# #.# ##..#
#.......#####.# #..
#.............# #..
#......########


You could see a gnoll.

Vanquished Creatures
  Jessica (D:2)
  Terence (D:2)
  2 gnolls (D:2)
  An adder (D:2)
  2 dart slugs (D:1)
  2 leopard geckos (D:1)
  A goblin (D:1)
  6 hobgoblins
  2 jackals (D:1)
  4 bats
  2 frilled lizards
  8 kobolds
  5 rats
37 creatures vanquished.

Notes
Turn   | Place    | Note
-------+----------+-------------------------------------------
     0 | D:1      | Gorglomux the Centaur Fire Elementalist began the quest for the Orb.
     0 | D:1      | Reached XP level 1. HP: 14/14 MP: 3/3
    12 | D:1      | Reached skill level 1 in Conjurations
   580 | D:1      | Reached XP level 2. HP: 20/20 MP: 2/4
   857 | D:1      | Learned a level 2 spell: Throw Flame
  1917 | D:2      | Found an opulent altar of Gozag.
  1940 | D:2      | Noticed Jessica
  1944 | D:2      | Killed Jessica
  1944 | D:2      | Reached skill level 3 in Fire Magic
  1944 | D:2      | Reached XP level 3. HP: 26/26 MP: 2/6
  2011 | D:2      | Learned a level 3 spell: Conjure Flame
  2246 | D:2      | Reached XP level 4. HP: 33/33 MP: 1/7
  2329 | D:2      | Noticed Terence
  2357 | D:2      | Killed Terence
  2687 | D:2      | Succumbed to a gnoll's poison

Skill      XL: |  1  2 |
---------------+-------+-----
Conjurations   | 1 2 |  2.5
Spellcasting   | 2 |  2.6
Fire Magic     | 3 |  3.4
Dodging        | |  1.3
Stealth        | |  1.1

Action                   |  1- 3 |  4- 6 || total
-------------------------+-------+-------++-------
Melee: Unarmed           |    18 |       ||    18
       Dagger            |    44 |    20 ||    64
       Kick              |     8 |     5 ||    13
 Cast: Flame Tongue      |    40 |    19 ||    59
       Throw Flame       |     4 |       ||     4
  Use: Potion            |       |     1 ||     1
  Eat: Chunk             |     4 |     2 ||     6
Armor: Robe              |    39 |     3 ||    42
Dodge: Dodged            |    69 |    15 ||    84
